 Dungeon Crawl Stone Soup version 0.18-a0-1300-g6e8322c (webtiles) character file.

38 Tomstefer the Firebug (level 3, -1/24 HPs)
             Began as a Demonspawn Fire Elementalist on Feb 11, 2016.
             Slain by Terence
             ... wielding a +0 short sword
              (6 damage)
             ... on level 2 of the Dungeon.
             The game lasted 00:04:17 (1658 turns).

Tomstefer the Firebug (DsFE)                        Turns: 1658, Time: 00:04:17

Health: -1/24      AC:  3    Str:  8    XL:     3   Next: 25%
Magic:  0/6        EV: 12    Int: 17    God:
Gold:   23         SH:  0    Dex: 13    Spells: 1 memorised, 5 levels left

rFire  . . .     SeeInvis .     e - +0 mace
rCold  . . .     Gourm    .     a - +0 robe
rNeg   . . .     Faith    .     (no shield)
rPois  .         Spirit   .     (no helmet)
rElec  .         Dismiss  .     (no cloak)
rCorr  .         Reflect  .     (no gloves)
SustAt .         Harm     .     (no boots)
MR     .....                    (no amulet)
Stlth  +++.......               (no ring)
                                h - ring of flight

@: slowed, very slow, not resistant to hostile enchantments, fairly stealthy
A: icy blue scales 1, nightstalker 1
a: Evoke Flight


You were on level 2 of the Dungeon.
You were not hungry.

You visited 1 branch of the dungeon, and saw 2 of its levels.

You collected 23 gold pieces.

Inventory:

Hand Weapons
 d - a +0 dagger
 e - a +0 mace (weapon)
Armour
 a - a +0 robe (worn)
Jewellery
 h - a ring of flight (left hand)
Scrolls
 i - 3 scrolls of identify {unknown}
 j - a scroll of fog {unknown}
Potions
 g - a potion of brilliance {unknown}
 k - a potion of mutation {unknown}
Books
 b - a book of Flames

   Spells                             Type                      Level
   a - Flame Tongue                   Conjuration/Fire             1
   b - Throw Flame                    Conjuration/Fire             2
   c - Conjure Flame                  Conjuration/Fire             3
   d - Inner Flame                    Hexes/Fire                   3
   e - Sticky Flame                   Conjuration/Fire             4
   f - Fireball                       Conjuration/Fire             5
Comestibles
 c - a bread ration
 l - 5 fruits


   Skills:
 - Level 1.7 Dodging
 - Level 1.7 Stealth
 - Level 2.0 Spellcasting
 + Level 2.0 Conjurations
 * Level 3.5 Fire Magic


You had 5 spell levels left.
You knew the following spells:

 Your Spells              Type           Power        Failure   Level  Hunger
a - Flame Tongue          Conj/Fire      ##...        10%         1    #......


Dungeon Overview and Level Annotations

Branches:
Dungeon (2/15)

Altars:

Annotations:
D:2 Terence


Innate Abilities, Weirdness & Mutations

You are partially covered in icy blue scales (AC +1).
You are slightly more attuned to the shadows.


Message History

Terence barely misses you. Terence hits you with a short sword.
You hit Terence.
Terence is severely wounded.
Terence closely misses you. Terence hits you with a short sword.
* * * LOW HITPOINT WARNING * * *
Terence barely misses you.
Your magical contamination has completely faded away.
Casting: Flame Tongue
Confirm with . or Enter, or press ? or * to list all spells.
Aiming: Flame Tongue
Press: ? - help, Shift-Dir - straight line, f/p - Terence
Aim: Terence, wielding a short sword, wearing a chain mail and carrying a wand of slowing {empty} (severely wounded)
The flame tongue hits Terence.
Terence appears unharmed.
Terence is severely wounded.
Terence hits you with a short sword.
* * * LOW HITPOINT WARNING * * *
Terence barely misses you. Terence barely misses you.
Terence hits you with a short sword.
You die...

###########.....#####
..................#..
##
########............#
..
#...)..............#
#.#.#####............#
#....................#
####.#################
#....@.......
###.###@#######
..........#
###.###.##.#
#<.....#.# #.#....#.#
#.######.# #........#
##########


You could see Terence.

Vanquished Creatures
  An adder (D:2)
  3 giant geckos (D:1)
  4 goblins (D:1)
  A hobgoblin (D:1)
  3 jackals (D:1)
  A ball python (D:1)
  5 bats
  A giant newt (D:1)
  4 kobolds
  5 rats (D:1)
28 creatures vanquished.

Notes
Turn   | Place    | Note
--------------------------------------------------------------
     0 | D:1      | Tomstefer the Demonspawn Fire Elementalist began the quest for the Orb.
     0 | D:1      | Reached XP level 1. HP: 13/13 MP: 3/3
   240 | D:1      | Reached skill level 3 in Fire Magic
   248 | D:1      | Gained mutation: You are partially covered in icy blue scales (AC +1). [demonic ancestry]
   248 | D:1      | Reached XP level 2. HP: 14/19 MP: 1/5
  1371 | D:2      | Gained mutation: You are slightly more attuned to the shadows. [demonic ancestry]
  1371 | D:2      | Reached XP level 3. HP: 20/24 MP: 1/6
  1612 | D:2      | Noticed Terence
  1658 | D:2      | Slain by Terence

Vault maps used:
D:1:      minmay_arrival_radiant_lines
D:2:      minivault_25, uniq_terence

Action                   || total
-------------------------++-------
Melee: Mace              ||    21
 Cast: Flame Tongue      ||    53
  Eat: Chunk             ||     3
